Firebirds vs Checkers
Created - November 15, 2025 at 23:42
Goals
|
| Firebirds |
1 |
2 |
1 |
4 |
| Checkers |
0 |
2 |
0 |
2 |
|
Shots
|
| Firebirds |
10 |
12 |
8 |
30 |
| Checkers |
9 |
14 |
13 |
36 |
|
1st period
1. Firebirds , Jacob De La Rose 3 (Thomas Spelling 3, Rostislav Olesz 3) at 18:32
Penalties :
No Penalty
2nd period
2. Checkers , Kieffer Bellows 1 (Brendan Leipsic 4, Ryan Pulock 1) at 7:06
3. Firebirds , Jared McCann 4 (Wade Allison 1, Rostislav Olesz 4) at 9:06
4. Checkers , Dylan Gambrell 2 (Adam Boqvist 2, Brendan Leipsic 5) at 9:18
5. Firebirds , Jacob De La Rose 4 (Rostislav Olesz 5, Jakub Zboril 6) at 11:21
Penalties :
Rostislav Olesz (Coa) for High sticking (Minor) at 0:07, Jakub Zboril (Coa) for Elbowing (Minor) at 12:56, Garret Pilon (Coa) for Holding (Minor) at 15:28, Dylan Gambrell (Cha) for High sticking (Minor) at 15:55
3rd period
6. Firebirds , Garret Pilon 1 (Dylan Coghlan 2) at 17:43
Penalties :
Austin Poganski (Cha) for Roughing (Minor) at 1:32, Fredrik Olofsson (Coa) for Holding (Minor) at 4:20, Rostislav Olesz (Coa) for High sticking (Minor) at 13:44
Goalie Stats
Cayden Primeau (Coa), 34 saves from 36 shots - (0.944), W, 4-0-0, 60:00 minutes
Joseph Woll (Cha), 26 saves from 30 shots - (0.867), L, 1-3-0, 60:00 minutes
Players Stats for Firebirds
Player Name G A P +/- PIM S H SB GA TA FO MP PP MP PK MP
------------------------------------------------------------------------------------
0 0 0 0 0 0 0 0 0 0 0/0 0:00 0:00 0:00
0 0 0 0 0 0 0 0 0 0 0/0 0:00 0:00 0:00
0 0 0 0 0 0 0 0 0 0 0/0 0:00 0:00 0:00
0 0 0 0 0 0 0 0 0 0 0/0 0:00 0:00 0:00
0 0 0 0 0 0 0 0 0 0 0/0 0:00 0:00 0:00
0 0 0 0 0 0 0 0 0 0 0/0 0:00 0:00 0:00
0 0 0 0 0 0 0 0 0 0 0/0 0:00 0:00 0:00
Alex Henriksson 0 0 0 0 0 1 2 0 1 0 0/0 10:22 0:01 3:21
Connor Clifton 0 0 0 0 0 1 2 0 0 0 0/0 14:48 1:10 1:13
Dylan Coghlan 0 1 1 2 0 0 1 2 0 5 0/0 27:01 1:37 4:33
Eric Robinson 0 0 0 1 0 3 2 0 0 0 0/0 16:05 0:56 1:41
Fredrik Olofsson 0 0 0 0 2 5 0 0 0 0 0/1 13:49 0:28 1:25
Garret Pilon 1 0 1 0 2 1 0 0 0 0 2/2 7:58 0:27 0:00
Jacob Bryson 0 0 0 0 0 1 0 0 0 0 0/0 12:54 0:00 0:00
Jacob De La Rose 2 0 2 1 0 4 3 0 0 0 14/28 21:13 0:00 4:23
Jakub Zboril 0 1 1 2 2 0 2 0 2 0 0/0 26:28 1:16 3:20
Jared McCann 1 0 1 1 0 5 0 0 0 0 9/16 17:18 0:56 3:16
Mac Hollowell 0 0 0 0 0 0 1 2 0 0 0/0 18:45 0:00 3:50
Maksim Sushko 0 0 0 0 0 0 0 0 0 0 0/1 10:17 0:01 0:00
Matej Blumel 0 0 0 0 0 0 2 0 0 0 0/0 6:18 0:00 0:00
Reid Boucher 0 0 0 0 0 2 0 0 0 0 2/8 14:12 1:29 0:24
Rostislav Olesz 0 3 3 1 4 3 3 0 2 1 0/0 20:37 1:02 2:16
Thomas Spelling 0 1 1 1 0 2 1 1 0 1 0/2 16:58 1:02 0:00
Victor Mete 0 0 0 0 0 1 1 2 0 1 0/0 20:05 0:49 3:50
Wade Allison 0 1 1 1 0 1 2 0 0 0 1/1 14:52 0:56 0:00
Players Stats for Checkers
Player Name G A P +/- PIM S H SB GA TA FO MP PP MP PK MP
------------------------------------------------------------------------------------
0 0 0 0 0 0 0 0 0 0 0/0 0:00 0:00 0:00
0 0 0 0 0 0 0 0 0 0 0/0 0:00 0:00 0:00
0 0 0 0 0 0 0 0 0 0 0/0 0:00 0:00 0:00
0 0 0 0 0 0 0 0 0 0 0/0 0:00 0:00 0:00
0 0 0 0 0 0 0 0 0 0 0/0 0:00 0:00 0:00
0 0 0 0 0 0 0 0 0 0 0/0 0:00 0:00 0:00
0 0 0 0 0 0 0 0 0 0 0/0 0:00 0:00 0:00
Adam Boqvist 0 1 1 1 0 3 3 0 0 0 0/0 24:22 5:08 0:00
Alexander Romanov 0 0 0 -1 0 0 1 0 1 0 0/0 14:52 0:00 1:33
Austin Poganski 0 0 0 -2 2 2 0 0 1 0 0/1 17:30 3:26 0:10
Brendan Leipsic 0 2 2 1 0 2 4 0 1 2 1/3 21:29 4:30 0:54
Dylan Gambrell 1 0 1 1 2 6 3 1 1 1 15/27 21:16 4:13 0:56
Jeremias Lindewall 0 0 0 0 0 0 1 0 0 0 0/0 9:01 0:27 0:36
Joni Jurmo 0 0 0 -2 0 0 0 3 1 0 0/0 16:38 3:15 0:00
Kieffer Bellows 1 0 1 1 0 4 3 1 0 0 1/1 19:43 4:30 0:00
Matias Rajaniemi 0 0 0 -2 0 1 2 1 0 0 0/0 14:35 0:24 0:53
Maxim Marushev 0 0 0 0 0 0 0 0 0 0 3/4 8:41 0:43 0:58
Nick Abruzzese 0 0 0 -2 0 1 2 0 0 0 4/13 16:35 3:26 0:00
Rafael Harvey-Pinard 0 0 0 -2 0 2 0 1 0 0 0/0 16:23 3:26 0:00
Roberts Lipsbergs 0 0 0 -1 0 7 0 0 0 0 1/1 12:01 0:00 0:17
Ryan Pulock 0 1 1 1 0 1 5 2 1 2 0/0 28:30 5:08 0:53
Shane Bowers 0 0 0 -1 0 5 1 1 2 0 6/9 14:23 0:00 1:01
Tyce Thompson 0 0 0 -1 0 2 0 1 0 0 0/0 11:43 0:00 0:00
Viktor Baldayev 0 0 0 -1 0 0 2 2 0 0 0/0 21:03 2:51 1:33
William Dufour 0 0 0 0 0 0 1 0 0 0 0/0 7:15 0:27 0:00
3 Stars
1 - Jacob De La Rose (Coa)
2 - Cayden Primeau (Coa)
3 - Brendan Leipsic (Cha)
Power Play
Firebirds - 0 on 2 Attempt(s) - 0.00%
Checkers - 0 on 5 Attempt(s) - 0.00%
Penalty Kill
Firebirds - 5 on 5 Attempt(s) - 100.00%
- Score 0 goal in Penalty Kill
Checkers - 2 on 2 Attempt(s) - 100.00%
- Score 0 goal in Penalty Kill
Team Stat
Firebirds - Hits : 22 - Faceoff Wins : 28 - Blocked Shots : 7 - Penalty Minutes : 10
Checkers - Hits : 28 - Faceoff Wins : 31 - Blocked Shots : 13 - Penalty Minutes : 4
Official
Referees : Steve Kozari and Francois St. Laurent
Linesman : Vaughan Rody and Brandon Gawryletz
Game Notes
No Game Note
Finance
Level 1 -- Attendance: 1819 (90.95%) -- Ticket Income $127,330
Level 2 -- Attendance: 894 (89.40%) -- Ticket Income $35,760
Total Attendance: 2713 (90.43%)
Total Ticket Income: $163,090
Other Income: $8,154
Total Income: $171,244
Firebirds
5 vs 5 Forward
Center Left Wing Right Wing Time % Phy DF OF
1 Jacob De La Rose Rostislav Olesz Thomas Spelling 40 0 2 3
2 Jared McCann Eric Robinson Wade Allison 30 0 2 3
3 Reid Boucher Fredrik Olofsson Maksim Sushko 20 0 2 3
4 Garret Pilon Alex Henriksson Matej Blumel 10 0 2 3
5 vs 5 Defense
Defense Defense Time % Phy DF OF
1 Jakub Zboril Dylan Coghlan 40 1 2 2
2 Victor Mete Mac Hollowell 30 1 2 2
3 Jacob Bryson Connor Clifton 20 1 2 2
4 Jacob Bryson Connor Clifton 10 1 2 2
PowerPlay Forward
Center Left Wing Right Wing Time % Phy DF OF
1 Reid Boucher Rostislav Olesz Thomas Spelling 55 0 1 4
2 Jared McCann Eric Robinson Wade Allison 45 0 1 4
PowerPlay Defense
Defense Defense Time % Phy DF OF
1 Jakub Zboril Victor Mete 55 0 1 4
2 Dylan Coghlan Connor Clifton 45 0 1 4
Penalty Kill 4 Players Forward
Center Wing Time % Phy DF OF
1 Jacob De La Rose Rostislav Olesz 55 1 4 0
2 Jared McCann Fredrik Olofsson 45 1 4 0
Penalty Kill 4 Players Defense
Defense Defense Time % Phy DF OF
1 Jakub Zboril Dylan Coghlan 55 1 4 0
2 Victor Mete Mac Hollowell 45 1 4 0
Penalty Kill - 3 Players Forward
Forward Time % Phy DF OF
1 Reid Boucher 55 1 4 0
2 Garret Pilon 45 1 4 0
Penalty Kill - 3 Players Defense
Defense Defense Time % Phy DF OF
1 Victor Mete Mac Hollowell 55 1 4 0
2 Jacob Bryson Connor Clifton 45 1 4 0
4 vs 4 Forward
Center Wing Time % Phy DF OF
1 Jacob De La Rose Wade Allison 55 1 2 2
2 Rostislav Olesz Alex Henriksson 45 1 2 2
4 vs 4 Defense
Defense Defense Time % Phy DF OF
1 Jakub Zboril Dylan Coghlan 55 1 2 2
2 Victor Mete Mac Hollowell 45 1 2 2
Last Minutes Offensive
Center Left Wing Right Wing Defense Defense
Jared McCann Rostislav Olesz Wade Allison Jakub Zboril Dylan Coghlan
Last Minutes Defensive
Center Left Wing Right Wing Defense Defense
Jacob De La Rose Fredrik Olofsson Thomas Spelling Dylan Coghlan Mac Hollowell
Goaltenders
Starting : Cayden Primeau
Backup : Magnus Hellberg
Extra Forwards
Normal : Reid Boucher, Fredrik Olofsson, Alex Henriksson - PP : Reid Boucher, Fredrik Olofsson - PK : Alex Henriksson
Extra Defensemen
Normal : Jacob Bryson, Connor Clifton, Victor Mete - PP : Jacob Bryson - PK : Connor Clifton, Victor Mete
Penalty Shots
Jacob De La Rose, Jared McCann, Rostislav Olesz, Eric Robinson, Thomas Spelling
Custom OT Lines Forwards
Jacob De La Rose, Jared McCann, Rostislav Olesz, Eric Robinson, Thomas Spelling, Reid Boucher, Fredrik Olofsson, Alex Henriksson, Garret Pilon, Wade Allison
Custom OT Lines Defensemen
Jakub Zboril, Dylan Coghlan, Victor Mete, Mac Hollowell, Jacob Bryson
Scratches
Jasper Weatherby (Healthy), Alexander Holtz (Healthy), Sasha Chmelevski (Healthy), Emil Andrae (Healthy), Helge Grans (Healthy)
Thomas Bordeleau (Healthy), Jacob Middleton (Healthy), Kyle Capobianco (Healthy), Matthew Kiersted (Healthy), Kristians Rubins (Healthy)
Jonah Gadjovich (Healthy), Parker Kelly (Healthy), Artur Kayumov (Healthy), Stelio Mattheos (Healthy), Nikita Alexandrov (Healthy)
Valentin Nussbaumer (Healthy), Maxence Guenette (Healthy), Bobby Brink (Healthy), Jakub Skarek (Healthy)
Checkers
5 vs 5 Forward
Center Left Wing Right Wing Time % Phy DF OF
1 Dylan Gambrell Brendan Leipsic Kieffer Bellows 40 0 2 3
2 Nick Abruzzese Rafael Harvey-Pinard Austin Poganski 30 0 2 3
3 Shane Bowers Roberts Lipsbergs Tyce Thompson 20 0 2 3
4 Maxim Marushev Jeremias Lindewall William Dufour 10 0 2 3
5 vs 5 Defense
Defense Defense Time % Phy DF OF
1 Ryan Pulock Adam Boqvist 40 0 2 3
2 Viktor Baldayev Alexander Romanov 30 1 2 2
3 Joni Jurmo Matias Rajaniemi 20 1 2 2
4 Ryan Pulock Viktor Baldayev 10 1 2 2
PowerPlay Forward
Center Left Wing Right Wing Time % Phy DF OF
1 Dylan Gambrell Brendan Leipsic Kieffer Bellows 60 0 1 4
2 Nick Abruzzese Rafael Harvey-Pinard Austin Poganski 40 0 1 4
PowerPlay Defense
Defense Defense Time % Phy DF OF
1 Ryan Pulock Adam Boqvist 60 0 2 3
2 Viktor Baldayev Joni Jurmo 40 0 2 3
Penalty Kill 4 Players Forward
Center Wing Time % Phy DF OF
1 Dylan Gambrell Austin Poganski 60 0 3 2
2 Shane Bowers Roberts Lipsbergs 40 0 3 2
Penalty Kill 4 Players Defense
Defense Defense Time % Phy DF OF
1 Viktor Baldayev Alexander Romanov 60 0 4 1
2 Ryan Pulock Matias Rajaniemi 40 1 3 1
Penalty Kill - 3 Players Forward
Forward Time % Phy DF OF
1 Austin Poganski 60 0 3 2
2 Roberts Lipsbergs 40 0 3 2
Penalty Kill - 3 Players Defense
Defense Defense Time % Phy DF OF
1 Viktor Baldayev Alexander Romanov 60 1 3 1
2 Ryan Pulock Matias Rajaniemi 40 1 3 1
4 vs 4 Forward
Center Wing Time % Phy DF OF
1 Dylan Gambrell Brendan Leipsic 60 0 2 3
2 Austin Poganski Kieffer Bellows 40 0 2 3
4 vs 4 Defense
Defense Defense Time % Phy DF OF
1 Ryan Pulock Adam Boqvist 60 0 2 3
2 Viktor Baldayev Alexander Romanov 40 0 2 3
Last Minutes Offensive
Center Left Wing Right Wing Defense Defense
Dylan Gambrell Brendan Leipsic Kieffer Bellows Ryan Pulock Adam Boqvist
Last Minutes Defensive
Center Left Wing Right Wing Defense Defense
Dylan Gambrell Brendan Leipsic Austin Poganski Viktor Baldayev Ryan Pulock
Goaltenders
Starting : Joseph Woll
Backup : Arvid Soderblom
Extra Forwards
Normal : Nick Abruzzese, Dylan Gambrell, Rafael Harvey-Pinard - PP : Rafael Harvey-Pinard, Dylan Gambrell - PK : Shane Bowers
Extra Defensemen
Normal : Alexander Romanov, Adam Boqvist, Ryan Pulock - PP : Adam Boqvist - PK : Viktor Baldayev, Joni Jurmo
Penalty Shots
Rafael Harvey-Pinard, Nick Abruzzese, Ryan Pulock, Kieffer Bellows, Shane Bowers
Custom OT Lines Forwards
Dylan Gambrell, Brendan Leipsic, Austin Poganski, Roberts Lipsbergs, Nick Abruzzese, Kieffer Bellows, Rafael Harvey-Pinard, Shane Bowers, William Dufour, Tyce Thompson
Custom OT Lines Defensemen
Ryan Pulock, Viktor Baldayev, Alexander Romanov, Adam Boqvist, Joni Jurmo
Scratches
Brett Pollock (Healthy), Logan Barlage (Healthy), Kirill Steklov (Healthy), Lukas Svejkovsky (Healthy), Jordan Harris (Healthy)
Mikhail Abramov (Healthy), Mattias Norlinder (Healthy), Nathan Legare (Bruised Left Arm Injury), Kirill Ustimenko (Healthy)
% Time on Ice - Firebirds
Lines # - Real PCT - Wanted PCT - Time Play
Normal Forward
1 - 38% - 40% - 18:01
2 - 27% - 30% - 13:06
3 - 21% - 20% - 10:14
4 - 13% - 10% - 6:18
Normal Defense
1 - 42% - 40% - 20:13
2 - 31% - 30% - 14:32
3 - 20% - 20% - 9:42
4 - 7% - 10% - 3:12
PP Forward
1 - 62% - 55% - 1:30
2 - 38% - 45% - 0:56
PP Defense
1 - 52% - 55% - 1:16
2 - 48% - 45% - 1:10
PK Forward
1 - 71% - 55% - 5:55
2 - 29% - 45% - 2:28
PK Defense
1 - 54% - 55% - 4:33
2 - 46% - 45% - 3:50
PK3 Forward
1 - 0% - 55%
2 - 0% - 45%
PK3 Defense
1 - 0% - 55%
2 - 0% - 45%
44 Forward
1 - 61% - 55% - 0:56
2 - 39% - 45% - 0:36
44 Defense
1 - 75% - 55% - 1:09
2 - 25% - 45% - 0:23
Last Minute Offensive - 0:00
Last Minute Defensive - 0:00
Total
Forward - 60:00
Defense - 60:00
|
% Time on Ice - Checkers
Lines # - Real PCT - Wanted PCT - Time Play
Normal Forward
1 - 36% - 40% - 17:07
2 - 26% - 30% - 12:10
3 - 25% - 20% - 11:43
4 - 14% - 10% - 6:39
Normal Defense
1 - 38% - 40% - 18:20
2 - 34% - 30% - 16:11
3 - 23% - 20% - 10:58
4 - 5% - 10% - 2:10
PP Forward
1 - 59% - 60% - 4:57
2 - 41% - 40% - 3:26
PP Defense
1 - 61% - 60% - 5:08
2 - 39% - 40% - 3:15
PK Forward
1 - 100% - 60% - 2:26
2 - 0% - 40% - 0:00
PK Defense
1 - 49% - 60% - 1:12
2 - 51% - 40% - 1:14
PK3 Forward
1 - 0% - 60%
2 - 0% - 40%
PK3 Defense
1 - 0% - 60%
2 - 0% - 40%
44 Forward
1 - 100% - 60% - 1:32
2 - 0% - 40% - 0:00
44 Defense
1 - 59% - 60% - 0:54
2 - 41% - 40% - 0:38
Last Minute Offensive - 0:00
Last Minute Defensive - 0:00
Total
Forward - 60:00
Defense - 60:00
|
Play-by-Play
1st period
0:01 of 1st period - Jacob De La Rose wins face-off versus Brendan Leipsic in neutral zone.
0:43 of 1st period - Ryan Pulock is hit by Wade Allison and loses puck.
0:52 of 1st period - Ryan Pulock is hit by Mac Hollowell and loses puck.
0:59 of 1st period - Wrist shot by Nick Abruzzese.
0:59 of 1st period - Shot Misses the Net.
1:13 of 1st period - Wrist shot by Nick Abruzzese.
1:13 of 1st period - Stopped by Cayden Primeau without a rebound.
1:14 of 1st period - Reid Boucher wins face-off versus Shane Bowers in Firebirds zone.
1:19 of 1st period - Snap shot by Fredrik Olofsson.
1:19 of 1st period - Stopped by Joseph Woll with a rebound.
2:10 of 1st period - Wrist shot by Alex Henriksson.
2:10 of 1st period - Shot Misses the Net.
2:12 of 1st period - Wrist shot by Alex Henriksson.
2:12 of 1st period - Stopped by Joseph Woll with a rebound.
2:44 of 1st period - Brendan Leipsic is hit by Jakub Zboril and loses puck.
3:52 of 1st period - Icing by Ryan Pulock.
3:53 of 1st period - Jared McCann wins face-off versus Nick Abruzzese in Checkers zone.
4:04 of 1st period - Wrist shot by Rafael Harvey-Pinard.
4:04 of 1st period - Stopped by Cayden Primeau without a rebound.
4:05 of 1st period - Jacob De La Rose wins face-off versus Dylan Gambrell in Firebirds zone.
4:21 of 1st period - Backhand shot by Jacob De La Rose.
4:21 of 1st period - Shot Blocked by Viktor Baldayev.
4:31 of 1st period - Jacob Bryson is hit by Viktor Baldayev.
4:53 of 1st period - Snap shot by Roberts Lipsbergs.
4:53 of 1st period - Stopped by Cayden Primeau without a rebound.
4:54 of 1st period - Roberts Lipsbergs wins face-off versus Jared McCann in Firebirds zone.
5:05 of 1st period - Slapshot by Roberts Lipsbergs.
5:05 of 1st period - Stopped by Cayden Primeau with a rebound.
5:07 of 1st period - Snap shot by Matias Rajaniemi.
5:07 of 1st period - Shot Misses the Net.
5:09 of 1st period - Snap shot by Tyce Thompson.
5:09 of 1st period - Stopped by Cayden Primeau with a rebound.
5:23 of 1st period - Snap shot by Roberts Lipsbergs.
5:23 of 1st period - Shot Misses the Net.
5:25 of 1st period - Snap shot by Shane Bowers.
5:25 of 1st period - Stopped by Cayden Primeau with a rebound.
5:27 of 1st period - Snap shot by Roberts Lipsbergs.
5:27 of 1st period - Shot Misses the Net.
5:31 of 1st period - Slapshot by Shane Bowers.
5:31 of 1st period - Shot Misses the Net.
5:43 of 1st period - Snap shot by Shane Bowers.
5:43 of 1st period - Shot Misses the Net.
5:45 of 1st period - Snap shot by Shane Bowers.
5:45 of 1st period - Stopped by Cayden Primeau with a rebound.
5:47 of 1st period - Snap shot by Roberts Lipsbergs.
5:47 of 1st period - Shot Misses the Net.
5:49 of 1st period - Slapshot by Joni Jurmo.
5:49 of 1st period - Deflect By Roberts Lipsbergs.
5:49 of 1st period - Shot Misses the Net.
5:49 of 1st period - Puck is out of play.
5:50 of 1st period - Jacob De La Rose wins face-off versus Dylan Gambrell in Firebirds zone.
6:22 of 1st period - Slapshot by Victor Mete.
6:22 of 1st period - Stopped by Joseph Woll with a rebound.
6:45 of 1st period - Icing by Maxim Marushev.
6:46 of 1st period - Maxim Marushev wins face-off versus Fredrik Olofsson in Checkers zone.
7:15 of 1st period - Snap shot by Fredrik Olofsson.
7:15 of 1st period - Shot Blocked by Joni Jurmo.
7:17 of 1st period - Wrist shot by Reid Boucher.
7:17 of 1st period - Stopped by Joseph Woll with a rebound.
7:19 of 1st period - Snap shot by Reid Boucher.
7:19 of 1st period - Deflect By Fredrik Olofsson.
7:19 of 1st period - Deflect By Matias Rajaniemi.
7:19 of 1st period - Stopped by Joseph Woll with a rebound.
7:21 of 1st period - Slapshot by Connor Clifton.
7:21 of 1st period - Shot Blocked by Joni Jurmo.
7:23 of 1st period - Slapshot by Jacob Bryson.
7:23 of 1st period - Deflect By Matias Rajaniemi.
7:23 of 1st period - Stopped by Joseph Woll with a rebound.
7:25 of 1st period - Slapshot by Connor Clifton.
7:25 of 1st period - Stopped by Joseph Woll without a rebound.
7:26 of 1st period - Dylan Gambrell wins face-off versus Jacob De La Rose in Checkers zone.
7:37 of 1st period - Snap shot by Dylan Gambrell.
7:37 of 1st period - Shot Misses the Net.
7:53 of 1st period - Rafael Harvey-Pinard is hit by Matej Blumel and loses puck.
8:22 of 1st period - Slapshot by Wade Allison.
8:22 of 1st period - Deflect By Jared McCann.
8:22 of 1st period - Stopped by Joseph Woll with a rebound.
8:32 of 1st period - Victor Mete is hit by Dylan Gambrell and loses puck.
8:59 of 1st period - Wrist shot by Nick Abruzzese.
8:59 of 1st period - Shot Blocked by Victor Mete.
10:05 of 1st period - Wrist shot by Brendan Leipsic.
10:05 of 1st period - Stopped by Cayden Primeau without a rebound.
10:06 of 1st period - Jacob De La Rose wins face-off versus Dylan Gambrell in Firebirds zone.
10:13 of 1st period - Dylan Gambrell is hit by Jacob De La Rose and loses puck.
10:22 of 1st period - Wrist shot by Thomas Spelling.
10:22 of 1st period - Shot Misses the Net.
11:06 of 1st period - Slapshot by Shane Bowers.
11:06 of 1st period - Stopped by Cayden Primeau with a rebound.
11:58 of 1st period - Alexander Romanov is hit by Rostislav Olesz and loses puck.
12:19 of 1st period - Dylan Coghlan is hit by Viktor Baldayev and loses puck.
13:18 of 1st period - Matias Rajaniemi is hit by Alex Henriksson and loses puck.
14:14 of 1st period - Jakub Zboril is hit by Nick Abruzzese and loses puck.
14:19 of 1st period - Wrist shot by Nick Abruzzese.
14:19 of 1st period - Shot Misses the Net.
14:25 of 1st period - Adam Boqvist is hit by Wade Allison and loses puck.
14:36 of 1st period - Victor Mete is hit by Ryan Pulock.
14:40 of 1st period - Victor Mete is hit by Alexander Romanov and loses puck.
15:21 of 1st period - Icing by Matej Blumel.
15:22 of 1st period - Garret Pilon wins face-off versus Nick Abruzzese in Firebirds zone.
15:22 of 1st period - Garret Pilon is hit by Nick Abruzzese.
15:40 of 1st period - Snap shot by Garret Pilon.
15:40 of 1st period - Shot Misses the Net.
16:18 of 1st period - Snap shot by Eric Robinson.
16:18 of 1st period - Stopped by Joseph Woll without a rebound.
16:19 of 1st period - Jacob De La Rose wins face-off versus Dylan Gambrell in Checkers zone.
16:44 of 1st period - Jakub Zboril is hit by Ryan Pulock and loses puck.
17:24 of 1st period - Snap shot by Garret Pilon.
17:24 of 1st period - Shot Misses the Net.
17:26 of 1st period - Backhand shot by Alex Henriksson.
17:26 of 1st period - Shot Blocked by Viktor Baldayev.
17:30 of 1st period - Wrist shot by Alex Henriksson.
17:30 of 1st period - Shot Misses the Net.
17:32 of 1st period - Snap shot by Garret Pilon.
17:32 of 1st period - Shot Blocked by Ryan Pulock.
17:48 of 1st period - Off-side.
17:49 of 1st period - Dylan Gambrell wins face-off versus Jacob De La Rose in neutral zone.
17:59 of 1st period - Icing by Dylan Coghlan.
18:00 of 1st period - Jacob De La Rose wins face-off versus Dylan Gambrell in Firebirds zone.
18:00 of 1st period - Jacob De La Rose is hit by Matias Rajaniemi.
18:16 of 1st period - Slapshot by Rostislav Olesz.
18:16 of 1st period - Shot Blocked by Joni Jurmo.
18:18 of 1st period - Snap shot by Jacob De La Rose.
18:18 of 1st period - Shot Blocked by Dylan Gambrell.
18:32 of 1st period - Snap shot by Jacob De La Rose.
18:32 of 1st period - Goal by Jacob De La Rose - Firebirds : 1 - Checkers : 0.
18:33 of 1st period - Jacob De La Rose wins face-off versus Nick Abruzzese in neutral zone.
19:00 of 1st period - Jared McCann is hit by Ryan Pulock and loses puck.
Goals for this period are 1 for Firebirds vs 0 for Checkers.
Shots for this period are 10 for Firebirds vs 9 for Checkers.
2nd period
0:01 of 2nd period - Dylan Gambrell wins face-off versus Jacob De La Rose in neutral zone.
0:07 of 2nd period - Minor Penalty to Rostislav Olesz for High sticking.
0:08 of 2nd period - Jacob De La Rose wins face-off versus Brendan Leipsic in Firebirds zone.
0:17 of 2nd period - Wrist shot by Brendan Leipsic.
0:17 of 2nd period - Shot Blocked by Dylan Coghlan.
0:19 of 2nd period - Snap shot by Dylan Gambrell.
0:19 of 2nd period - Stopped by Cayden Primeau without a rebound.
0:20 of 2nd period - Jacob De La Rose wins face-off versus Dylan Gambrell in Firebirds zone.
0:46 of 2nd period - Jakub Zboril is hit by Adam Boqvist and loses puck.
1:27 of 2nd period - Mac Hollowell is hit by Kieffer Bellows and loses puck.
2:07 of 2nd period - Penalty to Rostislav Olesz is over, Rostislav Olesz is back on ice.
2:35 of 2nd period - Maxim Marushev is hit by Connor Clifton and loses puck.
3:01 of 2nd period - Adam Boqvist is hit by Eric Robinson and loses puck.
3:06 of 2nd period - Snap shot by Jared McCann.
3:06 of 2nd period - Stopped by Joseph Woll without a rebound.
3:07 of 2nd period - Jared McCann wins face-off versus Maxim Marushev in Checkers zone.
3:28 of 2nd period - Ryan Pulock is hit by Thomas Spelling.
3:32 of 2nd period - Slapshot by Brendan Leipsic.
3:32 of 2nd period - Stopped by Cayden Primeau without a rebound.
3:33 of 2nd period - Jacob De La Rose wins face-off versus Dylan Gambrell in Firebirds zone.
3:42 of 2nd period - Snap shot by Rostislav Olesz.
3:42 of 2nd period - Stopped by Joseph Woll without a rebound.
3:43 of 2nd period - Dylan Gambrell wins face-off versus Jacob De La Rose in Checkers zone.
3:50 of 2nd period - Wrist shot by Brendan Leipsic.
3:50 of 2nd period - Shot Misses the Net.
3:52 of 2nd period - Slapshot by Adam Boqvist.
3:52 of 2nd period - Deflect By Rostislav Olesz.
3:52 of 2nd period - Stopped by Cayden Primeau with a rebound.
3:54 of 2nd period - Snap shot by Dylan Gambrell.
3:54 of 2nd period - Shot Misses the Net.
3:56 of 2nd period - Wrist shot by Brendan Leipsic.
3:56 of 2nd period - Deflect By Kieffer Bellows.
3:56 of 2nd period - Stopped by Cayden Primeau without a rebound.
3:57 of 2nd period - Kieffer Bellows wins face-off versus Jacob De La Rose in Firebirds zone.
4:34 of 2nd period - Slapshot by Viktor Baldayev.
4:34 of 2nd period - Shot Blocked by Victor Mete.
4:48 of 2nd period - Snap shot by Eric Robinson.
4:48 of 2nd period - Stopped by Joseph Woll without a rebound.
4:49 of 2nd period - Brendan Leipsic wins face-off versus Jared McCann in Checkers zone.
5:01 of 2nd period - Backhand shot by Jared McCann.
5:01 of 2nd period - Stopped by Joseph Woll without a rebound.
5:02 of 2nd period - Jared McCann wins face-off versus Dylan Gambrell in Checkers zone.
5:17 of 2nd period - Snap shot by Jared McCann.
5:17 of 2nd period - Deflect By Eric Robinson.
5:17 of 2nd period - Shot Misses the Net.
5:17 of 2nd period - Puck is out of play.
5:18 of 2nd period - Jacob De La Rose wins face-off versus Nick Abruzzese in Checkers zone.
5:35 of 2nd period - Snap shot by Jacob De La Rose.
5:35 of 2nd period - Stopped by Joseph Woll with a rebound.
5:45 of 2nd period - Dylan Coghlan is hit by Kieffer Bellows and loses puck.
5:52 of 2nd period - Snap shot by Dylan Gambrell.
5:52 of 2nd period - Stopped by Cayden Primeau without a rebound.
5:53 of 2nd period - Wade Allison wins face-off versus Dylan Gambrell in Firebirds zone.
6:04 of 2nd period - Wrist shot by Eric Robinson.
6:04 of 2nd period - Stopped by Joseph Woll with a rebound.
6:06 of 2nd period - Snap shot by Eric Robinson.
6:06 of 2nd period - Shot Misses the Net.
6:08 of 2nd period - Slapshot by Mac Hollowell.
6:08 of 2nd period - Deflect By Jared McCann.
6:08 of 2nd period - Stopped by Joseph Woll with a rebound.
7:04 of 2nd period - Wrist shot by Brendan Leipsic.
7:04 of 2nd period - Shot Misses the Net.
7:06 of 2nd period - Snap shot by Kieffer Bellows.
7:06 of 2nd period - Goal by Kieffer Bellows - Firebirds : 1 - Checkers : 1.
7:07 of 2nd period - Dylan Gambrell wins face-off versus Thomas Spelling in neutral zone.
7:10 of 2nd period - Backhand shot by Ryan Pulock.
7:10 of 2nd period - Deflect By Kieffer Bellows.
7:10 of 2nd period - Stopped by Cayden Primeau with a rebound.
7:37 of 2nd period - Snap shot by Wade Allison.
7:37 of 2nd period - Stopped by Joseph Woll with a rebound.
8:05 of 2nd period - Slapshot by Viktor Baldayev.
8:05 of 2nd period - Shot Misses the Net.
8:07 of 2nd period - Wrist shot by William Dufour.
8:07 of 2nd period - Shot Blocked by Dylan Coghlan.
9:06 of 2nd period - Wrist shot by Jared McCann.
9:06 of 2nd period - Goal by Jared McCann - Firebirds : 2 - Checkers : 1.
9:07 of 2nd period - Dylan Gambrell wins face-off versus Thomas Spelling in neutral zone.
9:10 of 2nd period - Snap shot by Adam Boqvist.
9:10 of 2nd period - Stopped by Cayden Primeau with a rebound.
9:12 of 2nd period - Slapshot by Adam Boqvist.
9:12 of 2nd period - Stopped by Cayden Primeau with a rebound.
9:14 of 2nd period - Wrist shot by Brendan Leipsic.
9:14 of 2nd period - Shot Blocked by Thomas Spelling.
9:16 of 2nd period - Slapshot by Adam Boqvist.
9:16 of 2nd period - Shot Misses the Net.
9:18 of 2nd period - Slapshot by Dylan Gambrell.
9:18 of 2nd period - Goal by Dylan Gambrell - Firebirds : 2 - Checkers : 2.
9:19 of 2nd period - Dylan Gambrell wins face-off versus Jacob De La Rose in neutral zone.
9:32 of 2nd period - Snap shot by Kieffer Bellows.
9:32 of 2nd period - Stopped by Cayden Primeau with a rebound.
9:48 of 2nd period - Wrist shot by Austin Poganski.
9:48 of 2nd period - Stopped by Cayden Primeau with a rebound.
9:50 of 2nd period - Slapshot by Viktor Baldayev.
9:50 of 2nd period - Shot Blocked by Mac Hollowell.
9:52 of 2nd period - Slapshot by Alexander Romanov.
9:52 of 2nd period - Deflect By Austin Poganski.
9:52 of 2nd period - Shot Misses the Net.
9:52 of 2nd period - Puck is out of play.
9:53 of 2nd period - Dylan Gambrell wins face-off versus Jacob De La Rose in Firebirds zone.
10:23 of 2nd period - Off-side.
10:24 of 2nd period - Jared McCann wins face-off versus Nick Abruzzese in neutral zone.
10:35 of 2nd period - Snap shot by Wade Allison.
10:35 of 2nd period - Shot Misses the Net.
10:37 of 2nd period - Snap shot by Eric Robinson.
10:37 of 2nd period - Deflect By Jared McCann.
10:37 of 2nd period - Shot Blocked by Rafael Harvey-Pinard.
10:37 of 2nd period - Puck is out of play.
10:38 of 2nd period - Dylan Gambrell wins face-off versus Jacob De La Rose in Checkers zone.
10:38 of 2nd period - Dylan Gambrell is hit by Jacob De La Rose.
11:17 of 2nd period - Wrist shot by Rostislav Olesz.
11:17 of 2nd period - Shot Misses the Net.
11:19 of 2nd period - Slapshot by Jakub Zboril.
11:19 of 2nd period - Deflect By Rostislav Olesz.
11:19 of 2nd period - Stopped by Joseph Woll with a rebound.
11:21 of 2nd period - Snap shot by Jacob De La Rose.
11:21 of 2nd period - Goal by Jacob De La Rose - Firebirds : 3 - Checkers : 2.
11:22 of 2nd period - Dylan Gambrell wins face-off versus Jared McCann in neutral zone.
11:25 of 2nd period - Victor Mete is hit by Brendan Leipsic and loses puck.
12:56 of 2nd period - Minor Penalty to Jakub Zboril for Elbowing.
12:57 of 2nd period - Dylan Gambrell wins face-off versus Jacob De La Rose in Firebirds zone.
13:03 of 2nd period - Rostislav Olesz is hit by Ryan Pulock and loses puck.
13:46 of 2nd period - Viktor Baldayev is hit by Rostislav Olesz.
14:37 of 2nd period - Eric Robinson is hit by Kieffer Bellows and loses puck.
14:44 of 2nd period - Brendan Leipsic is hit by Connor Clifton and loses puck.
14:56 of 2nd period - Penalty to Jakub Zboril is over, Jakub Zboril is back on ice.
15:21 of 2nd period - Jakub Zboril is hit by William Dufour and loses puck.
15:28 of 2nd period - Minor Penalty to Garret Pilon for Holding.
15:29 of 2nd period - Jacob De La Rose wins face-off versus Nick Abruzzese in Firebirds zone.
15:29 of 2nd period - Jacob De La Rose is hit by Adam Boqvist.
15:55 of 2nd period - Minor Penalty to Dylan Gambrell for High sticking.
15:56 of 2nd period - Nick Abruzzese wins face-off versus Jacob De La Rose in Checkers zone.
17:02 of 2nd period - Jacob De La Rose is hit by Brendan Leipsic and loses puck.
17:28 of 2nd period - Penalty to Garret Pilon is over, Garret Pilon is back on ice.
17:41 of 2nd period - Wrist shot by Fredrik Olofsson.
17:41 of 2nd period - Stopped by Joseph Woll with a rebound.
17:48 of 2nd period - Icing by Garret Pilon.
17:49 of 2nd period - Reid Boucher wins face-off versus Shane Bowers in Firebirds zone.
17:49 of 2nd period - Reid Boucher is hit by Shane Bowers.
17:55 of 2nd period - Penalty to Dylan Gambrell is over, Dylan Gambrell is back on ice.
17:57 of 2nd period - Slapshot by Dylan Gambrell.
17:57 of 2nd period - Stopped by Cayden Primeau with a rebound.
17:59 of 2nd period - Snap shot by Austin Poganski.
17:59 of 2nd period - Stopped by Cayden Primeau with a rebound.
18:29 of 2nd period - Jakub Zboril is hit by Ryan Pulock and loses puck.
19:08 of 2nd period - Slapshot by Fredrik Olofsson.
19:08 of 2nd period - Deflect By Garret Pilon.
19:08 of 2nd period - Shot Blocked by Shane Bowers.
19:08 of 2nd period - Puck is out of play.
19:09 of 2nd period - Maxim Marushev wins face-off versus Jared McCann in Checkers zone.
Goals for this period are 2 for Firebirds vs 2 for Checkers.
Shots for this period are 12 for Firebirds vs 14 for Checkers.
3rd period
0:01 of 3rd period - Jared McCann wins face-off versus Dylan Gambrell in neutral zone.
0:28 of 3rd period - Adam Boqvist is hit by Jacob De La Rose and loses puck.
0:35 of 3rd period - Slapshot by Ryan Pulock.
0:35 of 3rd period - Stopped by Cayden Primeau without a rebound.
0:36 of 3rd period - Shane Bowers wins face-off versus Jared McCann in Firebirds zone.
0:39 of 3rd period - Slapshot by Roberts Lipsbergs.
0:39 of 3rd period - Stopped by Cayden Primeau without a rebound.
0:40 of 3rd period - Shane Bowers wins face-off versus Jared McCann in Firebirds zone.
0:43 of 3rd period - Backhand shot by Shane Bowers.
0:43 of 3rd period - Shot Misses the Net.
1:05 of 3rd period - Mac Hollowell is hit by Matias Rajaniemi and loses puck.
1:10 of 3rd period - Snap shot by Brendan Leipsic.
1:10 of 3rd period - Shot Blocked by Mac Hollowell.
1:12 of 3rd period - Slapshot by Matias Rajaniemi.
1:12 of 3rd period - Stopped by Cayden Primeau with a rebound.
1:30 of 3rd period - Wrist shot by Fredrik Olofsson.
1:30 of 3rd period - Shot Blocked by Ryan Pulock.
1:32 of 3rd period - Minor Penalty to Austin Poganski for Roughing.
1:33 of 3rd period - Dylan Gambrell wins face-off versus Reid Boucher in Checkers zone.
3:32 of 3rd period - Penalty to Austin Poganski is over, Austin Poganski is back on ice.
3:48 of 3rd period - Matej Blumel is hit by Adam Boqvist and loses puck.
4:02 of 3rd period - Icing by Jeremias Lindewall.
4:03 of 3rd period - Shane Bowers wins face-off versus Reid Boucher in Checkers zone.
4:20 of 3rd period - Minor Penalty to Fredrik Olofsson for Holding.
4:21 of 3rd period - Dylan Gambrell wins face-off versus Jacob De La Rose in Firebirds zone.
4:56 of 3rd period - Snap shot by Rafael Harvey-Pinard.
4:56 of 3rd period - Shot Misses the Net.
6:08 of 3rd period - Rafael Harvey-Pinard is hit by Dylan Coghlan and loses puck.
6:20 of 3rd period - Penalty to Fredrik Olofsson is over, Fredrik Olofsson is back on ice.
6:29 of 3rd period - Maksim Sushko is hit by Dylan Gambrell and loses puck.
7:23 of 3rd period - Icing by Roberts Lipsbergs.
7:24 of 3rd period - Maxim Marushev wins face-off versus Jacob De La Rose in Checkers zone.
7:29 of 3rd period - Jeremias Lindewall is hit by Jakub Zboril.
7:35 of 3rd period - Jakub Zboril is hit by Jeremias Lindewall and loses puck.
7:46 of 3rd period - Tyce Thompson is hit by Alex Henriksson and loses puck.
8:14 of 3rd period - Alexander Romanov is hit by Victor Mete and loses puck.
8:37 of 3rd period - Snap shot by Dylan Gambrell.
8:37 of 3rd period - Stopped by Cayden Primeau without a rebound.
8:38 of 3rd period - Jacob De La Rose wins face-off versus Nick Abruzzese in Firebirds zone.
8:53 of 3rd period - Backhand shot by Thomas Spelling.
8:53 of 3rd period - Stopped by Joseph Woll with a rebound.
8:55 of 3rd period - Slapshot by Jacob De La Rose.
8:55 of 3rd period - Stopped by Joseph Woll without a rebound.
8:56 of 3rd period - Jared McCann wins face-off versus Dylan Gambrell in Checkers zone.
9:29 of 3rd period - Snap shot by Thomas Spelling.
9:29 of 3rd period - Stopped by Joseph Woll without a rebound.
9:30 of 3rd period - Nick Abruzzese wins face-off versus Jared McCann in Checkers zone.
9:55 of 3rd period - Mac Hollowell is hit by Brendan Leipsic and loses puck.
10:06 of 3rd period - Snap shot by Rostislav Olesz.
10:06 of 3rd period - Shot Misses the Net.
10:22 of 3rd period - Snap shot by Shane Bowers.
10:22 of 3rd period - Deflect By Roberts Lipsbergs.
10:22 of 3rd period - Stopped by Cayden Primeau with a rebound.
10:24 of 3rd period - Wrist shot by Shane Bowers.
10:24 of 3rd period - Stopped by Cayden Primeau without a rebound.
10:25 of 3rd period - Jared McCann wins face-off versus Nick Abruzzese in Firebirds zone.
10:29 of 3rd period - Off-side.
10:30 of 3rd period - Jared McCann wins face-off versus Nick Abruzzese in neutral zone.
11:10 of 3rd period - Off-side.
11:11 of 3rd period - Shane Bowers wins face-off versus Reid Boucher in neutral zone.
11:27 of 3rd period - Icing by Dylan Coghlan.
11:28 of 3rd period - Dylan Gambrell wins face-off versus Reid Boucher in Firebirds zone.
11:31 of 3rd period - Snap shot by Brendan Leipsic.
11:31 of 3rd period - Deflect By Dylan Gambrell.
11:31 of 3rd period - Stopped by Cayden Primeau with a rebound.
11:39 of 3rd period - Slapshot by Fredrik Olofsson.
11:39 of 3rd period - Deflect By Reid Boucher.
11:39 of 3rd period - Stopped by Joseph Woll with a rebound.
11:43 of 3rd period - Snap shot by Fredrik Olofsson.
11:43 of 3rd period - Shot Blocked by Kieffer Bellows.
11:45 of 3rd period - Slapshot by Fredrik Olofsson.
11:45 of 3rd period - Stopped by Joseph Woll with a rebound.
11:47 of 3rd period - Slapshot by Reid Boucher.
11:47 of 3rd period - Shot Misses the Net.
11:57 of 3rd period - Snap shot by Reid Boucher.
11:57 of 3rd period - Shot Misses the Net.
12:05 of 3rd period - Wrist shot by Fredrik Olofsson.
12:05 of 3rd period - Stopped by Joseph Woll without a rebound.
12:06 of 3rd period - Nick Abruzzese wins face-off versus Jacob De La Rose in Checkers zone.
12:15 of 3rd period - Wrist shot by Rafael Harvey-Pinard.
12:15 of 3rd period - Shot Misses the Net.
12:17 of 3rd period - Slapshot by Matias Rajaniemi.
12:17 of 3rd period - Shot Misses the Net.
12:19 of 3rd period - Snap shot by Nick Abruzzese.
12:19 of 3rd period - Shot Misses the Net.
12:21 of 3rd period - Slapshot by Austin Poganski.
12:21 of 3rd period - Deflect By Nick Abruzzese.
12:21 of 3rd period - Shot Misses the Net.
12:21 of 3rd period - Puck is out of play.
12:22 of 3rd period - Jared McCann wins face-off versus Shane Bowers in Firebirds zone.
12:35 of 3rd period - Snap shot by Jared McCann.
12:35 of 3rd period - Shot Misses the Net.
13:09 of 3rd period - Slapshot by Roberts Lipsbergs.
13:09 of 3rd period - Stopped by Cayden Primeau with a rebound.
13:25 of 3rd period - Wrist shot by Roberts Lipsbergs.
13:25 of 3rd period - Stopped by Cayden Primeau without a rebound.
13:26 of 3rd period - Dylan Gambrell wins face-off versus Jacob De La Rose in Firebirds zone.
13:44 of 3rd period - Minor Penalty to Rostislav Olesz for High sticking.
13:45 of 3rd period - Jacob De La Rose wins face-off versus Dylan Gambrell in Firebirds zone.
13:45 of 3rd period - Jacob De La Rose is hit by Dylan Gambrell.
15:41 of 3rd period - Adam Boqvist is hit by Eric Robinson and loses puck.
15:44 of 3rd period - Penalty to Rostislav Olesz is over, Rostislav Olesz is back on ice.
16:12 of 3rd period - Snap shot by Eric Robinson.
16:12 of 3rd period - Shot Blocked by Tyce Thompson.
16:14 of 3rd period - Slapshot by Reid Boucher.
16:14 of 3rd period - Deflect By Rostislav Olesz.
16:14 of 3rd period - Deflect By Joni Jurmo.
16:14 of 3rd period - Stopped by Joseph Woll with a rebound.
16:24 of 3rd period - Wrist shot by Roberts Lipsbergs.
16:24 of 3rd period - Stopped by Cayden Primeau with a rebound.
16:26 of 3rd period - Wrist shot by Shane Bowers.
16:26 of 3rd period - Deflect By Jacob Bryson.
16:26 of 3rd period - Stopped by Cayden Primeau with a rebound.
16:28 of 3rd period - Wrist shot by Tyce Thompson.
16:28 of 3rd period - Stopped by Cayden Primeau without a rebound.
16:29 of 3rd period - Garret Pilon wins face-off versus Austin Poganski in Firebirds zone.
16:36 of 3rd period - Austin Poganski is hit by Matej Blumel and loses puck.
16:58 of 3rd period - Rostislav Olesz is hit by Brendan Leipsic and loses puck.
17:43 of 3rd period - Snap shot by Garret Pilon.
17:43 of 3rd period - Goal by Garret Pilon - Firebirds : 4 - Checkers : 2.
17:44 of 3rd period - Shane Bowers wins face-off versus Maksim Sushko in neutral zone.
18:11 of 3rd period - Brendan Leipsic is hit by Rostislav Olesz and loses puck.
19:37 of 3rd period - Slapshot by Jared McCann.
19:37 of 3rd period - Deflect By Nick Abruzzese.
19:37 of 3rd period - Shot Blocked by Matias Rajaniemi.
19:37 of 3rd period - Puck is out of play.
19:38 of 3rd period - Nick Abruzzese wins face-off versus Reid Boucher in Checkers zone.
19:50 of 3rd period - Wrist shot by Rafael Harvey-Pinard.
19:50 of 3rd period - Stopped by Cayden Primeau without a rebound.
19:51 of 3rd period - Shane Bowers wins face-off versus Reid Boucher in Firebirds zone.
Goals for this period are 1 for Firebirds vs 0 for Checkers.
Shots for this period are 8 for Firebirds vs 13 for Checkers.